 Dungeon Crawl Stone Soup version 0.30-b1-2-g02819fbbbe (webtiles) character file.

Game seed: 12090223960083810061

534 MajorAdolf the Stinger (level 7, 35/64 HPs)
             Began as a Naga Wanderer on July 25, 2023.
             Was an Initiate of Gozag.
             Quit the game on level 5 of the Dungeon on Aug 11, 2023.
             The game lasted 00:06:08 (5019 turns).

MajorAdolf the Stinger (Naga Wanderer)              Turns: 5019, Time: 00:06:09

Health: 35/64      AC:  4    Str: 12    XL:     7   Next: 25%
Magic:  12/12      EV:  9    Int: 21    God:    Gozag
Gold:   336        SH:  0    Dex: 12    Spells: 10/12 levels left

rFire   . . .        a - +3 short sword
rCold   . . .        (no shield)
rNeg    . . .        c - +0 robe
rPois   +            (no helmet)
rElec   .            (no cloak)
rCorr   .            v - +0 pair of gloves
SInv    +            (no barding)
Will    .....        (no amulet)
Stlth   +            g - +6 ring of intelligence
HPRegen 0.30/turn    (no ring)
MPRegen 0.13/turn

%: no passive effects
@: very slow
A: AC +2, large, see invisible, deformed body, poison resistance, slowness 2,
spit poison 1, naga tail 1
a: Spit Poison, Renounce Religion, Potion Petition, Call Merchant, Bribe Branch


You were on level 5 of the Dungeon.
You worshipped Gozag.
Gozag was aware of your devotion.
You visited 1 branch of the dungeon, and saw 5 of its levels.

You collected 372 gold pieces.
You paid 36 gold pieces to Gozag.

Inventory:

Hand Weapons
 a - a +3 short sword (weapon)
 y - a +3 flail of holy wrath
Armour
 c - a +0 robe (worn)
 v - a +0 pair of gloves (worn)
Magical Staves
 d - a staff of earth
 e - a staff of poison
Jewellery
 g - a +6 ring of intelligence (left hand)
 A - an amulet of guardian spirit
Wands
 x - a wand of light (10)
Scrolls
 f - a scroll of teleportation
 i - a scroll of vulnerability {unknown}
 j - 2 scrolls of identify {unknown}
 l - a scroll of noise {unknown}
 n - 2 scrolls of immolation {unknown}
 r - 2 scrolls of amnesia {unknown}
 s - a scroll of enchant armour {unknown}
 u - 2 scrolls of fog {unknown}
 z - a scroll of brand weapon {unknown}
Potions
 b - a potion of haste
 h - a potion of heal wounds {unknown}
 k - 2 potions of brilliance {unknown}
 m - a potion of resistance {unknown}
 o - a potion of curing {unknown}
 p - a potion of cancellation {unknown}
 q - a potion of degeneration {unknown}
 t - a potion of attraction {unknown}
 w - a potion of lignification {unknown}


   Skills:
 - Level 4.0 Fighting
 - Level 4.0 Short Blades
 + Level 3.4 Spellcasting
 + Level 3.5 Air Magic
 + Level 5.0 Poison Magic
 - Level 2.0 Evocations


You had 10 spell levels left.
You knew the following spells:

 Your Spells              Type           Power      Damage    Failure   Level
a - Poisonous Vapours     Pois/Air       42%        N/A       3%          2

Your spell library contained the following spells:

 Spells                   Type           Power      Damage    Failure   Level
 Cigotuvi's Dreadful Rot  Necr/Pois/Air  30%        N/A       6%          2
 Freeze                   Ice            12%        1d3       13%         1
 Vhi's Electric Charge    Tloc/Air       22%        N/A       19%         3
 Frozen Ramparts          Ice            6%         1d1       36%         3
 Hailstorm                Conj/Ice       3%         3d3       36%         3
 Arcjolt                  Conj/Air       5%         1d15      86%         5
 Plasma Beam              Fire/Air       5%         2x1d17    100%        6


Dungeon Overview and Level Annotations

Branches:
Dungeon (5/15)
 Temple: D:4-7

Altars:
Gozag
Trog
Vehumet

Shops:
D:4 (

Annotations:
D:3 Grinder
D:5 Blork the orc


Innate Abilities, Weirdness & Mutations

Your serpentine skin is tough. (AC +2)
You have supernaturally acute eyesight. (SInv)
Armour fits poorly on your strangely shaped body.
Your system is resistant to poisons. (rPois)
You cover ground very slowly.
You can spit poison.
You have a snake-like lower body.


Message History

You are too injured to fight recklessly!
You are too injured to fight recklessly!
You are too injured to fight recklessly!
You are too injured to fight recklessly!
You are too injured to fight recklessly!
You are too injured to fight recklessly!
Unknown command.
Okay, then.
Aiming: Bolt of Light
Press: ? - help, Shift-Dir - straight line, f - ice beast
Aim: an ice beast (lightly wounded, 71% to hit)
The bolt of light hits the ice beast!!
The ice beast is almost dead.
The ice beast is blinded.
The ice beast hits you. The ice beast freezes you!
* * * LOW HITPOINT WARNING * * *
Aiming: Bolt of Light
Press: ? - help, Shift-Dir - straight line, f/p - ice beast
Aim: an ice beast (almost dead, blind, 71% to hit)
The bolt of light misses the ice beast.
The ice beast barely misses you.
Unknown command.
Aiming: Bolt of Light
Press: ? - help, Shift-Dir - straight line, f/p - ice beast
Aim: an ice beast (almost dead, blind, 71% to hit)
The bolt of light hits the ice beast!
You kill the ice beast!
Your Poison Magic skill increases to level 5!
Unknown command.
You start resting.
Magic restored.
You start resting.
A sleepcap comes into view.
A sleepcap is nearby!
You now have 336 gold pieces (gained 15).
There are no items here.
Save game and exit?
Level annotation: Blork the orc Welcome back, MajorAdolf the Naga Wanderer.
Gozag says: Greed is good.
Press ? for a list of commands and other information.
Are you sure you want to abandon this character and quit the game? (Confirm with "yes".)

## ###. ###...
#####..... ###f........
###...##.⌠....
###...⌠..#.....#
#####........##.....
#..@..........#.....
......##.⌠........##....
..$.. #.....#.....#..⌠.
.... ##........⌠.##...
... #...........#.## ..
##........#####. .
#..⌠...###.#...
##...###...##.⌠
#.###...⌠..#..


There were no monsters in sight!

Vanquished Creatures
  Edmund (D:4)
  An ice beast (D:5)
  A howler monkey (D:5)
  3 iguanas
  An orc wizard (D:5)
  10 adders
  An ufetubus (D:5)
  2 worms
  2 dart slugs
  7 orcs
  7 bats
  6 endoplasms
  4 giant cockroaches
  7 goblins
  6 hobgoblins
  5 kobolds
  2 quokkas (D:1)
  4 ball pythons
  2 frilled lizards
  5 rats
77 creatures vanquished.

Notes
Turn   | Place    | Note
-------+----------+-------------------------------------------
     0 | D:1      | MajorAdolf the Naga Wanderer began the quest for the Orb.
     0 | D:1      | MajorAdolf set off with the following items: a +3 short
                  | sword, a potion of haste, a +0 robe; and the following
                  | spells available to memorise: Poisonous Vapours, Cigotuvi's
                  | Dreadful Rot.
     0 | D:1      | Reached XP level 1. HP: 22/22 MP: 2/2
   207 | D:1      | Reached XP level 2. HP: 14/30 MP: 3/3
   376 | D:1      | Learned a level 2 spell: Poisonous Vapours
   733 | D:2      | Reached XP level 3. HP: 34/36 MP: 1/4
   821 | D:2      | Reached skill level 2 in Poison Magic
   935 | D:2      | Reached skill level 1 in Air Magic
  1032 | D:2      | Found a faded altar of an unknown god.
  1304 | D:2      | Reached XP level 4. HP: 43/44 MP: 1/6
  2207 | D:3      | Found an opulent altar of Gozag.
  2265 | D:3      | Became a worshipper of Gozag Ym Sagoz the Greedy
  2503 | D:3      | Reached XP level 5. HP: 50/50 MP: 5/8
  2548 | D:3      | Reached skill level 3 in Poison Magic
  2702 | D:3      | Found a bloodstained altar of Trog.
  2758 | D:3      | Noticed Grinder
  2965 | D:4      | Noticed Edmund
  2983 | D:4      | Killed Edmund
  2984 | D:4      | Reached XP level 6. HP: 9/57 MP: 0/9
  3282 | D:4      | Found a radiant altar of Vehumet.
  3447 | D:4      | Found Enoumib's Weapon Boutique.
  3582 | D:4      | Reached skill level 4 in Poison Magic
  4264 | D:5      | Entered Level 5 of the Dungeon
  4571 | D:5      | Noticed Blork the orc
  4818 | D:5      | Reached XP level 7. HP: 51/64 MP: 1/11
  4943 | D:5      | Reached skill level 5 in Poison Magic
  5019 | D:5      | Quit the game

Illustrated notes

Levels and vault maps discovered:
D:1:      erik_arrival_blinker_ship, layout_basic
D:2:      layout_basic, shapermc_ecumenical_altar_ellora
D:3:      layout_rooms, demons_altar, general_overflow_altar,
          grunt_gozag_breadcrumbs, uniq_jessica, uniq_ijyb, uniq_grinder
D:4:      layout_basic, mainiacjoe_overflow_24_doors,
          nicolae_inconvenience_store, uniq_edmund
D:5:      minmay_skewed_foursquare, layout_basic, serial_bayou_pond_c,
          uniq_blork_the_orc

Skill      XL: |  1  2  3  4  5  6  7 |
---------------+----------------------+-----
Short Blades   | 3 4 |  4.0
Poison Magic   | 2 3 4 5 |  5.0
Air Magic      | 1 2 3 |  3.5
Spellcasting   | 2 3 |  3.4
Fighting       | |  4.0
Evocations     | |  2.0

Action                     |  1- 3 |  4- 6 |  7- 9 || total
---------------------------+-------+-------+-------++-------
  Melee: Short sword       |    73 |   142 |    15 ||   230
         Punch             |     1 |     2 |       ||     3
   Cast: Poisonous Vapours |    12 |    46 |       ||    58
Ability: Spit Poison       |     5 |    10 |       ||    15
  Evoke: Wand              |       |       |     3 ||     3
    Use: Scroll            |       |     2 |       ||     2
         Potion            |       |     1 |       ||     1
   Stab: Sleeping          |     1 |       |       ||     1
 Armour: Robe              |    13 |    44 |     6 ||    63
  Dodge: Dodged            |    27 |    65 |     4 ||    96
